 Dungeon Crawl Stone Soup version 0.20.1-1-g8b1a95d (webtiles) character file.

113 empire the Slasher (level 4, -1/35 HPs)
             Began as a Mummy Fighter on July 27, 2017.
             Slain by a howler monkey (4 damage)
             ... on level 4 of the Dungeon.
             The game lasted 00:03:43 (2058 turns).

empire the Slasher (Mummy Fighter)                  Turns: 2058, Time: 00:03:43

Health: -1/35      AC:  6    Str: 20    XL:     4   Next: 65%
Magic:  4/4        EV:  7    Int:  7    God:
Gold:   177        SH:  8    Dex: 11    Spells: 3/3 levels left

rFire    x . .     SeeInvis .   a - +0 long sword
rCold    + . .     Gourm    .   c - +0 shield
rNeg     + + +     Faith    .   b - +0 scale mail
rPois    ∞         Spirit   .   (no helmet)
rElec    .         Reflect  .   (no cloak)
rCorr    .         Harm     .   (no gloves)
MR       .....                  (no boots)
Stlth    ..........             (no amulet)
Regen    0.2/turn               (no ring)
MPRegen  0.1/turn               (no ring)

@: very slightly contaminated
A: no food or potions, fire vulnerability, cold resistance 1, negative energy
resistance 3, torment resistance, unbreathing
a: no special abilities


You were on level 4 of the Dungeon.
You were not hungry.

You visited 1 branch of the dungeon, and saw 4 of its levels.

You collected 177 gold pieces.

Inventory:

Hand Weapons
 a - a +0 long sword (weapon)
Armour
 b - a +0 scale mail (worn)
 c - a +0 shield (worn)
Wands
 h - a wand of iceblast (10/15)
Scrolls
 d - 8 scrolls of identify {unknown}


   Skills:
 - Level 3.0 Fighting
 + Level 4.0 Long Blades
 - Level 2.4 Armour
 - Level 2.4 Shields


You had 3 spell levels left.
You didn't know any spells.

Dungeon Overview and Level Annotations

Branches:
Dungeon (4/15)
 Temple: D:4-7

Altars:

Annotations:
D:2 Sigmund
D:3 Grinder


Innate Abilities, Weirdness & Mutations

You do not eat or drink.
Your flesh is vulnerable to fire.
You are immune to poison.
Your flesh is cold resistant. (rC+)
You are immune to negative energy. (rN+++)
You are immune to unholy pain and torment.
You can survive without breathing.


Message History

You hit the howler monkey.
The howler monkey is lightly wounded.
You block the howler monkey's attack.
You hit the howler monkey.
The howler monkey is lightly wounded.
The howler monkey hits you.
* * * LOW HITPOINT WARNING * * *
The howler monkey hoots and howls with incredible vigour!
You hear a shout!
You hear an angry hiss.
A frilled lizard comes into view.
Your shield and scale mail prevent you from hitting the howler monkey.
The howler monkey is lightly wounded.
You block the howler monkey's attack. x2
Your shield prevents you from hitting the howler monkey.
The howler monkey is lightly wounded.
You block the howler monkey's attack.
You hit the howler monkey.
The howler monkey is heavily wounded.
You block the howler monkey's attack. The howler monkey hits you.
You die...

*****,,,,,,,,,,,,,,,,,***+*******
*,,,*,,,,..........,,,*,,,,,,,,,,
*,,,+,,,,.........,,,,+,,,,,,,,,,
*,,,*,,,,.........,,,,*,,,,,,,,,,
*,,,*,,,,...l.....,,,,,,*********
*,,,*,,,,........#******,,,,,,,,,
*,,,***+***#.....# *,,,,,,,,,
*,,,,*,,,,,#....h# *,,,,,,,,,
*,,,,,,,,,,#....@# *,,,,,,,,,
*,,,*,,,,,,#.....# ***,,,,,,,,,
*****,,,,,,#.....# *,,,,,******
*,*****####### *,,,,,+,,,,, ***
*,,,,,*,,,,, *,,,,,*,,,,,
*,,,,,****,, ***,,,,,,**+
*,,,,,,*,,


You could see a howler monkey and a frilled lizard.

Vanquished Creatures
  The ghost of codl the Skirmisher, a weakling DsAK of Lugonu (D:3)
  2 adders (D:2)
  2 dart slugs
  A leopard gecko (D:2)
  An orc (D:3)
  3 giant cockroaches
  6 goblins
  7 hobgoblins
  A jackal (D:3)
  8 kobolds
  A quokka (D:3)
  5 bats
  4 frilled lizards
  7 rats
49 creatures vanquished.

Notes
Turn   | Place    | Note
-------+----------+-------------------------------------------
     0 | D:1      | empire the Mummy Fighter began the quest for the Orb.
     0 | D:1      | Reached XP level 1. HP: 18/18 MP: 1/1
   157 | D:1      | Reached skill level 2 in Long Blades
   263 | D:1      | Reached XP level 2. HP: 23/24 MP: 2/2
   852 | D:2      | Reached XP level 3. HP: 5/29 MP: 3/3
  1227 | D:2      | Reached skill level 3 in Long Blades
  1267 | D:2      | Noticed Sigmund
  1588 | D:3      | Noticed codl's ghost (weakling DsAK)
  1598 | D:3      | Killed codl's ghost
  1598 | D:3      | Reached XP level 4. HP: 14/35 MP: 4/4
  1930 | D:2      | Reached skill level 4 in Long Blades
  2019 | D:3      | Noticed Grinder
  2022 | D:3      | Paralysed by Grinder for 7 turns
  2058 | D:4      | Slain by a howler monkey

Skill      XL: |  1  2  3  4 |
---------------+-------------+-----
Long Blades    | 2 3 4 |  4.0
Fighting       | |  3.0
Armour         | |  2.4
Shields        | |  2.4

Action                   |  1- 3 |  4- 6 || total
-------------------------+-------+-------++-------
Melee: Long sword        |   138 |    52 ||   190
  Use: Scroll            |       |     3 ||     3
Armor: Scale mail        |    73 |    26 ||    99
Dodge: Dodged            |    50 |    19 ||    69
Block: Shield            |    81 |    21 ||   102
       Rpst.: Long sword |    16 |     3 ||    19
